PCL
SALT LAKE BEES @ LAS VEGAS 51S
06/10/2098
 
TOP OF THE 1ST
Salt Lake Bees batting - Pitching for Las Vegas 51s : RHP Santiago Rodriguez
Pitching: RHP Santiago Rodriguez
Batting: RHB Nick Kirks 0-0: Fly out, F3 (Popup, 3F, EV 56.9 MPH)
Batting: LHB Ricky Sisneros 0-0: Called Strike
0-1: Swinging Strike
0-2: Strikes out looking
Batting: LHB Jim Matthews 0-0: Called Strike
0-1: Called Strike
0-2: Ball
1-2: Foul Ball, location: 2F
1-2: Strikes out swinging
Top of the 1st over - 0 runs, 0 hits, 0 errors, 0 left on base; Salt Lake 0 - Las Vegas 0
BOTTOM OF THE 1ST
Las Vegas 51s batting - Pitching for Salt Lake Bees : LHP Juan Montes
Pitching: LHP Juan Montes
Batting: RHB Ken Lopez 0-0: Called Strike
0-1: SINGLE (Groundball, 4M, EV 100.6 MPH) (infield hit)
Batting: RHB Adam Mamo 0-0: Called Strike
0-1: Ball
1-1: Grounds into double play, 6-4-3 (Groundball, 6, EV 101.9 MPH)
Batting: RHB Jeremy Brant 0-0: Foul Ball, location: 2F
0-1: Foul Ball, location: 9LDF
0-2: Ball
1-2: Foul Ball, location: 2F
1-2: Strikes out swinging
Bottom of the 1st over - 0 runs, 1 hit, 0 errors, 0 left on base; Salt Lake 0 - Las Vegas 0
TOP OF THE 2ND
Salt Lake Bees batting - Pitching for Las Vegas 51s : RHP Santiago Rodriguez
Batting: LHB Roger Adkins 0-0: Fly out, F8 (Flyball, 8LD, EV 100.0 MPH)
Batting: RHB Roberto Lozano 0-0: Called Strike
0-1: Swinging Strike
0-2: Ball
1-2: Strikes out swinging
Batting: RHB Jake Foster 0-0: Called Strike
0-1: Swinging Strike
0-2: Ground out 1-3 (Groundball, 13S, EV 67.5 MPH)
Top of the 2nd over - 0 runs, 0 hits, 0 errors, 0 left on base; Salt Lake 0 - Las Vegas 0
BOTTOM OF THE 2ND
Las Vegas 51s batting - Pitching for Salt Lake Bees : LHP Juan Montes
Batting: RHB Joseph Burgess 0-0: Foul Ball, location: 5FF
0-1: Ball
1-1: Foul Ball, location: 7LSFF
1-2: Strikes out swinging
Batting: RHB Edwin de Santiago 0-0: Swinging Strike
0-1: Called Strike
0-2: Strikes out swinging
Batting: SHB Jose Chavarria 0-0: Ground out 5-3 (Groundball, 56S, EV 87.5 MPH)
Bottom of the 2nd over - 0 runs, 0 hits, 0 errors, 0 left on base; Salt Lake 0 - Las Vegas 0
TOP OF THE 3RD
Salt Lake Bees batting - Pitching for Las Vegas 51s : RHP Santiago Rodriguez
Batting: RHB Xavier Montes 0-0: Ball
1-0: Ball
2-0: Ball
3-0: Called Strike
3-1: Foul Ball, location: 25FF
3-2: Ground out 6-3 (Groundball, 6, EV 84.4 MPH)
Batting: RHB Rey Silva 0-0: Called Strike
0-1: Swinging Strike
0-2: Strikes out swinging
Batting: RHB Adam Scott 0-0: Called Strike
0-1: Foul Ball, location: 9LDF
0-2: Hit by Pitch
Batting: RHB Nick Kirks 0-0: Foul Ball, location: 2F
0-1: Ball
1-1: Ball
2-1: Foul Ball, location: 2LF
2-2: Ball
3-2: Fly out, F8 (Flyball, 8RXD, EV 107.5 MPH)
Top of the 3rd over - 0 runs, 0 hits, 0 errors, 1 left on base; Salt Lake 0 - Las Vegas 0
BOTTOM OF THE 3RD
Las Vegas 51s batting - Pitching for Salt Lake Bees : LHP Juan Montes
Batting: SHB Tom Garrison 0-0: Called Strike
0-1: Ground out 4-3 (Groundball, 34, EV 100.0 MPH)
Batting: RHB Romeo Zimolo 0-0: Foul Ball, location: 3SF
0-1: Foul Ball, location: 5FF
0-2: Strikes out swinging
Batting: RHB Armando Pereyra 0-0: Ball
1-0: Foul Ball, location: 9LSF
1-1: Foul Ball, location: 25F
1-2: Ground out 6-3 (Groundball, 6, EV 90.0 MPH)
Bottom of the 3rd over - 0 runs, 0 hits, 0 errors, 0 left on base; Salt Lake 0 - Las Vegas 0
TOP OF THE 4TH
Salt Lake Bees batting - Pitching for Las Vegas 51s : RHP Santiago Rodriguez
Batting: LHB Ricky Sisneros 0-0: Ball
1-0: Foul Ball, location: 25F
1-1: Swinging Strike
1-2: DOUBLE (Line Drive, 9LS, EV 102.5 MPH)
Batting: LHB Jim Matthews 0-0: Called Strike
0-1: Ball
1-1: Called Strike
1-2: Foul Ball, location: 25F
1-2: Ground out 5-3 (Groundball, 56, EV 105.6 MPH)
Batting: LHB Roger Adkins 0-0: Ball
1-0: Swinging Strike
1-1: Foul Ball, location: 23F
1-2: Strikes out looking
Batting: RHB Roberto Lozano 0-0: Ball
1-0: Ground out 4-3 (Groundball, 4M, EV 84.4 MPH)
Top of the 4th over - 0 runs, 1 hit, 0 errors, 1 left on base; Salt Lake 0 - Las Vegas 0
BOTTOM OF THE 4TH
Las Vegas 51s batting - Pitching for Salt Lake Bees : LHP Juan Montes
Batting: RHB Ken Lopez 0-0: Ball
1-0: Called Strike
1-1: Hit by Pitch
Batting: RHB Adam Mamo 0-0: Swinging Strike
0-1: Ball
1-1: SINGLE (Groundball, 6MD, EV 104.4 MPH)
Ken Lopez to second
Runner from 2nd tries for 3rd, SAFE, throw by CF made to third
Batting: RHB Jeremy Brant 0-0: Foul Ball, location: 2F
0-1: Foul Ball, location: 2F
0-2: Ball
1-2: Foul Ball, location: 2F
1-2: Foul Ball, location: 9LDF
1-2: Ball
2-2: 3-RUN HOME RUN (Flyball, 89XD, EV 110.0 MPH), Distance : 418 ft
Batting: RHB Joseph Burgess 0-0: Called Strike
0-1: Called Strike
0-2: Foul Ball, location: 3F
0-2: Ball
1-2: SINGLE (Groundball, 6MD, EV 99.4 MPH)
Batting: RHB Edwin de Santiago 0-0: Swinging Strike
0-1: Fly out, F8 (Flyball, 89D, EV 106.9 MPH)
Batting: SHB Jose Chavarria 0-0: Ball
1-0: Ball
2-0: Fly out, F7 (Line Drive, 78M, EV 70.0 MPH)
Batting: SHB Tom Garrison 0-0: Foul Ball, location: 5F
0-1: Ball
1-1: Ball
2-1: Fly out, F8 (Flyball, 89M, EV 77.5 MPH)
Bottom of the 4th over - 3 runs, 3 hits, 0 errors, 1 left on base; Salt Lake 0 - Las Vegas 3
TOP OF THE 5TH
Salt Lake Bees batting - Pitching for Las Vegas 51s : RHP Santiago Rodriguez
Batting: RHB Jake Foster 0-0: Foul Ball, location: 2F
0-1: Foul Ball, location: 2F
0-2: Foul Ball, location: 2F
0-2: Ball
1-2: Foul Ball, location: 7LSF
1-2: Fly out, F3 (Popup, 3SF, EV 65.6 MPH)
Batting: RHB Xavier Montes 0-0: Ball
1-0: DOUBLE (Flyball, 8RXD, EV 110.0 MPH)
Batting: RHB Rey Silva 0-0: Fly out, F9 (Flyball, 9LD, EV 106.3 MPH)
Batting: RHB Adam Scott 0-0: Swinging Strike
0-1: Foul Ball, location: 2F
0-2: Strikes out looking
Top of the 5th over - 0 runs, 1 hit, 0 errors, 1 left on base; Salt Lake 0 - Las Vegas 3
BOTTOM OF THE 5TH
Las Vegas 51s batting - Pitching for Salt Lake Bees : LHP Juan Montes
Batting: RHB Romeo Zimolo 0-0: Ball
1-0: Ball
2-0: Called Strike
2-1: Fly out, F7 (Flyball, 7, EV 75.6 MPH)
Batting: RHB Armando Pereyra 0-0: Foul Ball, location: 7LMFF
0-1: Foul Ball, location: 9LMF
0-2: Foul Ball, location: 2F
0-2: Foul Ball, location: 7LMF
0-2: Ground out 1-3 (Groundball, P, EV 65.0 MPH)
Batting: RHB Ken Lopez 0-0: Called Strike
0-1: Foul Ball, location: 5FF
0-2: Ball
1-2: Ball
2-2: Ground out 6-3 (Groundball, 6, EV 101.9 MPH)
Bottom of the 5th over - 0 runs, 0 hits, 0 errors, 0 left on base; Salt Lake 0 - Las Vegas 3
TOP OF THE 6TH
Salt Lake Bees batting - Pitching for Las Vegas 51s : RHP Santiago Rodriguez
Batting: RHB Nick Kirks 0-0: Swinging Strike
0-1: Called Strike
0-2: Ball
1-2: Ball
2-2: Strikes out swinging
Batting: LHB Ricky Sisneros 0-0: Called Strike
0-1: Ball
1-1: Ball
2-1: Foul Ball, location: 7LSF
2-2: Fly out, F9 (Line Drive, 9, EV 104.4 MPH)
Batting: LHB Jim Matthews 0-0: Called Strike
0-1: Fly out, F8 (Flyball, 8LD, EV 84.4 MPH)
Top of the 6th over - 0 runs, 0 hits, 0 errors, 0 left on base; Salt Lake 0 - Las Vegas 3
BOTTOM OF THE 6TH
Las Vegas 51s batting - Pitching for Salt Lake Bees : LHP Juan Montes
Batting: RHB Adam Mamo 0-0: Foul Ball, location: 25FF
0-1: Swinging Strike
0-2: Ball
1-2: Strikes out swinging
Batting: RHB Jeremy Brant 0-0: Ball
1-0: Called Strike
1-1: Ball
2-1: Ball
3-1: SINGLE (Line Drive, 6D, EV 100.6 MPH)
Batting: RHB Joseph Burgess 0-0: SINGLE (Line Drive, 89S, EV 95.6 MPH)
Jeremy Brant to second
Batting: RHB Edwin de Santiago 0-0: Ball
1-0: Foul Ball, location: 2F
1-1: Foul Ball, location: 2F
1-2: Foul Ball, location: 2F
1-2: Ball
2-2: Grounds into double play, 5-4-3 (Groundball, 56S, EV 76.3 MPH)
Bottom of the 6th over - 0 runs, 2 hits, 0 errors, 1 left on base; Salt Lake 0 - Las Vegas 3
TOP OF THE 7TH
Salt Lake Bees batting - Pitching for Las Vegas 51s : RHP Santiago Rodriguez
Batting: LHB Roger Adkins 0-0: Ball
1-0: Swinging Strike
1-1: Foul Ball, location: 2F
1-2: Strikes out swinging
Batting: RHB Roberto Lozano 0-0: Called Strike
0-1: Ball
1-1: Ball
2-1: Foul Ball, location: 7LSFF
2-2: Ground out 6-3 (Groundball, 6, EV 105.0 MPH)
Batting: RHB Jake Foster 0-0: Called Strike
0-1: Ground out 1-3 (Groundball, P, EV 63.8 MPH)
Top of the 7th over - 0 runs, 0 hits, 0 errors, 0 left on base; Salt Lake 0 - Las Vegas 3
BOTTOM OF THE 7TH
Las Vegas 51s batting - Pitching for Salt Lake Bees : LHP Juan Montes
Batting: SHB Jose Chavarria 0-0: Ball
1-0: Called Strike
1-1: Foul Ball, location: 2F
1-2: Ball
2-2: SINGLE (Flyball, 56D, EV 91.3 MPH)
Batting: SHB Tom Garrison 0-0: Called Strike
0-1: Ball
1-1: Called Strike
1-2: Ball
2-2: Foul Ball, location: 5F
2-2: Ball
3-2: Base on Balls
Jose Chavarria to second
Batting: RHB Romeo Zimolo 0-0: 3-RUN HOME RUN (Flyball, 7LD, EV 95.6 MPH), Distance : 343 ft
Batting: RHB Armando Pereyra 0-0: Ball
1-0: Foul Ball, location: 9LMF
1-1: Ball
2-1: Ball
3-1: Fly out, F5 (Line Drive, 5L, EV 97.5 MPH)
Batting: RHB Ken Lopez 0-0: Ball
1-0: Ball
2-0: Ball
3-0: Called Strike
3-1: Swinging Strike
3-2: Strikes out looking
Batting: RHB Adam Mamo 0-0: Called Strike
0-1: Ground out 1-3 (Groundball, 13S, EV 68.8 MPH)
Bottom of the 7th over - 3 runs, 2 hits, 0 errors, 0 left on base; Salt Lake 0 - Las Vegas 6
TOP OF THE 8TH
Salt Lake Bees batting - Pitching for Las Vegas 51s : RHP Santiago Rodriguez
Batting: RHB Xavier Montes 0-0: Ball
1-0: Ball
2-0: Ball
3-0: Foul Ball, location: 2F
3-1: Called Strike
3-2: Foul Ball, location: 2F
3-2: SINGLE (Groundball, 6MD, EV 98.1 MPH)
Batting: RHB Rey Silva 0-0: Ball
1-0: Ball
2-0: Foul Ball, location: 2F
2-1: SINGLE (Flyball, 78S, EV 92.5 MPH)
Xavier Montes to second
Batting: RHB Adam Scott 0-0: Called Strike
0-1: Fly out, F8 (Flyball, 78M, EV 93.8 MPH)
Batting: RHB Nick Kirks 0-0: SINGLE (Flyball, 34D, EV 88.8 MPH)
Xavier Montes to third
Rey Silva to second
Batting: LHB Ricky Sisneros 0-0: Swinging Strike
0-1: Ball
1-1: Foul Ball, location: 3DF
1-2: Foul Ball, location: 3SF
1-2: Grounds into fielders choice 3-2 (Groundball, 34S, EV 87.5 MPH)
Rey Silva to third
Nick Kirks to second
Batting: LHB Jim Matthews 0-0: Called Strike
0-1: Ball
1-1: Called Strike
1-2: Foul Ball, location: 3F
1-2: Ball
2-2: Foul Ball, location: 9LSF
2-2: Ball
3-2: Foul Ball, location: 7LMF
3-2: Base on Balls
Rey Silva scores
Nick Kirks to third
Ricky Sisneros to second
Pitching: RHP Jose Garza
Batting: LHB Roger Adkins 0-0: Ball
1-0: Ball
2-0: Called Strike
2-1: Foul Ball, location: 23F
2-2: Foul Ball, location: 2F
2-2: Ball
3-2: Foul Ball, location: 2F
3-2: Foul Ball, location: 2F
3-2: Base on Balls
Nick Kirks scores
Ricky Sisneros to third
Jim Matthews to second
Batting: LHB Jordan Anderson 0-0: SINGLE (Groundball, 15S, EV 66.9 MPH) (infield hit)
Ricky Sisneros scores
Jim Matthews to third
Roger Adkins to second
Batting: RHB Jake Foster 0-0: Fly out, F9 (Flyball, 89M, EV 90.6 MPH)
Top of the 8th over - 3 runs, 4 hits, 0 errors, 3 left on base; Salt Lake 3 - Las Vegas 6
BOTTOM OF THE 8TH
Las Vegas 51s batting - Pitching for Salt Lake Bees : LHP Juan Montes
Pitching: RHP Eduardo Astudillo
Batting: RHB Jeremy Brant 0-0: Ball
1-0: SINGLE (Groundball, 4MD, EV 85.6 MPH) (infield hit)
Batting: RHB Joseph Burgess 0-0: Ball
1-0: Foul Ball, location: 3FF
1-1: Swinging Strike
1-2: Ball
2-2: Foul Ball, location: 9LMF
2-2: SINGLE (Groundball, 34D, EV 96.9 MPH)
Jeremy Brant to second
Runner from 2nd tries for 3rd, SAFE, no throw by RF
Batting: RHB Edwin de Santiago 0-0: Foul Ball, location: 5F
0-1: Ball
1-1: Called Strike
1-2: Foul Ball, location: 9LDF
1-2: Strikes out looking
Batting: SHB Jose Chavarria 0-0: Ball
1-0: Ball
2-0: Ball
3-0: Called Strike
3-1: Fly out, F8 (Flyball, 8RD, EV 105.6 MPH)
Runner from 3rd tags up, OUT at HOME! 8-2
Bottom of the 8th over - 0 runs, 2 hits, 0 errors, 1 left on base; Salt Lake 3 - Las Vegas 6
TOP OF THE 9TH
Salt Lake Bees batting - Pitching for Las Vegas 51s : RHP Jose Garza
Batting: RHB Xavier Montes 0-0: Fly out, F3 (Popup, 3SF, EV 68.1 MPH)
Batting: RHB Rey Silva 0-0: Ball
1-0: Ball
2-0: Foul Ball, location: 25F
2-1: Ball
3-1: Base on Balls
Pinch Hitting: LHB Matt Johansen 0-0: Called Strike
0-1: Foul Ball, location: 3F
0-2: Foul Ball, location: 2F
0-2: Strikes out looking
Batting: RHB Nick Kirks 0-0: Called Strike
0-1: Called Strike
0-2: Ball
1-2: Ball
2-2: Ball
3-2: Fly out, F8 (Flyball, 8LD, EV 87.5 MPH)
Top of the 9th over - 0 runs, 0 hits, 0 errors, 1 left on base; Salt Lake 3 - Las Vegas 6
Saturday, April 6th , 2024 - OOTP Baseball 24.11 Build 85